 Dungeon Crawl Stone Soup version 0.29.1-1-gd02db6906a (webtiles) character file.

Game seed: 8632462501056999634

1300 croobank the Digger (level 8, -1/69 HPs)
             Began as a Gargoyle Earth Elementalist on Sept 23, 2022.
             Was an Initiate of Gozag.
             Slain by Pikel
             ... wielding a +0 whip of electrocution
              (18 damage)
             ... on level 5 of the Dungeon on Sept 24, 2022.
             The game lasted 00:49:59 (6706 turns).

croobank the Digger (Gargoyle Earth Elementalist)   Turns: 6706, Time: 00:49:59

Health: -1/69      AC: 24    Str: 17    XL:     8   Next: 57%
Magic:  14/14      EV:  2    Int: 19    God:    Gozag
Gold:   1135       SH:  0    Dex: 10    Spells: 14/15 levels left

rFire   . . .      SeeInvis .   z - staff of earth
rCold   . . .      Faith    .   (no shield)
rNeg    + + .      Spirit   .   (body armour currently unavailable)
rPois   ∞          Reflect  .   (helmet currently unavailable)
rElec   .          Harm     .   (cloak currently unavailable)
rCorr   .          Rampage  .   (gloves currently unavailable)
Will    .....      NoTele   +   (boots currently unavailable)
Stlth   +++.......              (no amulet)
HPRegen 0.21/turn               r - +6 ring of strength
MPRegen 0.14/turn               E - ring of positive energy

@: tree-form
A: stationary, stasis, torment immunity, boosted hp, sickness immunity, AC +5,
negative energy resistance 1, (electricity resistance), torment resistance 1,
petrification resistance
a: Renounce Religion, Potion Petition, Call Merchant, Bribe Branch


You were on level 5 of the Dungeon.
You worshipped Gozag.
Gozag was most pleased with you.
You were a tree.
You visited 1 branch of the dungeon, and saw 5 of its levels.
You also visited: Sewer.

You collected 1145 gold pieces.
You paid 10 gold pieces to Gozag.

Inventory:

Hand Weapons
 a - a +2 dagger of pain
 b - a +0 sling of freezing
 e - a +0 battleaxe
 k - a +0 war axe
 n - a +0 whip
Missiles
 o - 2 javelins
 v - 20 boomerangs
 y - 2 curare-tipped darts
 B - 6 datura-tipped darts
Armour
 c - a +0 ring mail (melded)
 f - a +0 leather armour
Magical Staves
 z - a staff of earth (weapon)
Jewellery
 r - a +6 ring of strength (left branch)
 D - a ring of positive energy
 E - a ring of positive energy (right branch)
Wands
 d - a wand of iceblast (5)
 C - a wand of polymorph (7)
Scrolls
 h - 4 scrolls of amnesia
 j - a scroll of noise
 p - 2 scrolls of vulnerability
 t - a scroll of blinking
 A - a scroll of magic mapping
Potions
 i - 2 potions of lignification
 l - 2 potions of mutation
 m - 2 potions of flight {unknown}
 q - a potion of brilliance {unknown}
 u - a potion of magic
 w - 2 potions of haste {unknown}
 x - a potion of curing {unknown}
Miscellaneous
 s - a phantom mirror


   Skills:
 + Level 3.2 Fighting
 + Level 3.7 Dodging
 + Level 5.4 Stealth
 + Level 4.3 Spellcasting
 + Level 3.4 Transmutations
 + Level 6.4 Earth Magic


You had 14 spell levels left.
You knew the following spells:

 Your Spells              Type           Power      Damage    Failure   Level
a - Sandblast             Erth           84%        2d18      1%          1

Your spell library contained the following spells:

 Spells                   Type           Power      Damage    Failure   Level
 Passwall                 Tmut/Erth      28%        N/A       2%          2
 Stone Arrow              Conj/Erth      48%        3d10      11%         3
 Apportation              Tloc           8%         N/A       13%         1
 Magic Dart               Conj           16%        1d3       13%         1
 Necrotise                Necr           16%        1d4       13%         1
 Summon Small Mammal      Summ           16%        N/A       13%         1
 Petrify                  Tmut/Erth      34%        N/A       17%         4
 Call Imp                 Summ           4%         N/A       21%         2
 Mephitic Cloud           Conj/Pois/Air  4%         N/A       36%         3


Dungeon Overview and Level Annotations

Branches:
Dungeon (5/15)             Temple (0/1) D:4           Sewer (visited)

Altars:
Gozag
Vehumet
The Shining One

Shops:
D:1 (   D:5 (:[

Annotations:
D:4 3 runed translucent doors, groovy9's ghost, amateur FoHu
D:5 Pikel


Innate Abilities, Weirdness & Mutations

You are a tree.
Your roots penetrate the ground, keeping you stationary.
You cannot be teleported.
You are immune to unholy pain and torment.
Your maximum health is greatly increased.
Your equipment is partially melded.
You are immune to sickness and miasma.
((Your stone body is resilient. (AC +5)))
You are immune to poison.
You resist negative energy. (rN+)
((You are resistant to electric shocks. (rElec)))
You are resistant to unholy torment.
You are immune to petrification.


Message History

Pikel completely misses you.
Pikel hits you with a +0 whip of electrocution.
You closely miss Pikel.
Pikel is moderately wounded.
Pikel hits you but does no damage.
You are electrocuted!
You barely miss Pikel.
Pikel is moderately wounded.
Pikel drinks a potion.
Pikel seems to grow stronger.
You hit Pikel but do no damage.
Pikel is moderately wounded.
Pikel barely misses you.
You closely miss Pikel.
Pikel is moderately wounded.
Pikel hits you but does no damage.
You completely miss Pikel.
Pikel is moderately wounded.
Pikel zaps a wand.
The bolt of acid hits you but does no damage.
Pikel completely misses you.
You hit Pikel.
Pikel is heavily wounded.
Pikel hits you with a +0 whip of electrocution.
You closely miss Pikel.
Pikel is heavily wounded.
Pikel hits you but does no damage.
You hit Pikel but do no damage.
Pikel is heavily wounded.
Pikel hits you with a +0 whip of electrocution.
A phantom comes into view.
You hit Pikel but do no damage.
Pikel is heavily wounded.
Pikel zaps a wand.
The bolt of acid hits you.
You hit Pikel but do no damage.
Pikel is heavily wounded.
Pikel hits you with a +0 whip of electrocution.
Pikel hits you with a +0 whip of electrocution!
* * * LOW HITPOINT WARNING * * *
You are electrocuted!!
You die...
Your body crumbles into a pile of gold.

.....+.<....# #.......##. #..
.....#.#....### ##.......##.###..
≈#####.#....#.............#..##..
.∩..'..##...#.#########.#.##..#..
≈####.......#.#### #.#.....#..
.####.......#.##.# #..##.#..#'
......##.#'#...55#######.........
.......#.#....5#K#...# #........#
......##.#.....#♣#.#.###..#..##..
......##.#.....#W#......#....##..
###...##....##.#)#...........+..#
#...###......#......#.#....##.#
#...# #......##.#.....#..... ..
#...# #......##.#....####...
#......##......###
#......##........#
#......##..##....#


You could see Pikel (strong), 2 lemures and a phantom.

Vanquished Creatures
  Eustachio (D:4)
  An orc warrior (D:5)
  A phantom (D:5)
  A lemure (D:5)
  4 kobold brigands (D:3)
  2 bullfrogs (Sewer)
  A hound (D:4)
  A jelly (D:4)
  A gnoll bouda (D:5)
  An orc wizard (D:5)
  Ijyb (D:4)
  An iguana (D:4)
  17 gnolls
  8 adders
  An ufetubus (D:4)
  A worm (D:4)
  A dart slug (D:1)
  8 orcs
  11 ball pythons
  4 bats
  18 endoplasms
  7 giant cockroaches
  10 goblins
  9 hobgoblins
  5 jackals
  44 kobolds
  10 quokkas
  10 frilled lizards
  6 rats
186 creatures vanquished.

Notes
Turn   | Place    | Note
-------+----------+-------------------------------------------
     0 | D:1      | croobank the Gargoyle Earth Elementalist began the quest
                  | for the Orb.
     0 | D:1      | Reached XP level 1. HP: 10/10 MP: 3/3
   126 | D:1      | Reached skill level 1 in Transmutations
   126 | D:1      | Reached XP level 2. HP: 14/15 MP: 1/5
   480 | D:1      | Reached XP level 3. HP: 19/19 MP: 4/6
   592 | D:1      | Reached skill level 4 in Earth Magic
   710 | D:1      | Found Gify's Antique Weapon Emporium.
  1928 | D:2      | Reached XP level 4. HP: 24/24 MP: 5/7
  1952 | D:2      | Found an opulent altar of Gozag.
  1968 | D:2      | Became a worshipper of Gozag Ym Sagoz the Greedy
  2527 | D:3      | Found a glowing drain.
  2553 | Sewer    | Entered a sewer
  2714 | Sewer    | Reached XP level 5. HP: 24/28 MP: 4/9
  3171 | Sewer    | Reached skill level 5 in Earth Magic
  3171 | Sewer    | Reached XP level 6. HP: 14/32 MP: 5/10
  3602 | D:3      | Found a glowing golden altar of the Shining One.
  4113 | D:3      | Reached skill level 1 in Fighting
  4189 | D:3      | Reached XP level 7. HP: 30/38 MP: 7/12
  5351 | D:4      | Found a runed translucent gate.
  5352 | D:4      | Found a runed translucent gate.
  5353 | D:4      | Found a runed translucent gate.
  5375 | D:4      | Found a radiant altar of Vehumet.
  5388 | D:4      | Noticed Eustachio
  5395 | D:4      | Killed Eustachio
  5396 | D:4      | Reached skill level 5 in Stealth
  5396 | D:4      | Reached XP level 8. HP: 45/45 MP: 11/14
  5538 | D:4      | Noticed groovy9's ghost (amateur FoHu)
  5569 | D:4      | Found a staircase to the Ecumenical Temple.
  5620 | D:4      | Reached skill level 6 in Earth Magic
  5832 | D:4      | Noticed Ijyb
  5838 | D:4      | Killed Ijyb
  6222 | D:5      | Entered Level 5 of the Dungeon
  6223 | D:5      | Found Wapavix's Antique Armour Shoppe.
  6412 | D:5      | Found Ciarch's Antique Weapon Boutique.
  6474 | D:5      | Found Juarof's Self-Improvement Boutique.
  6475 | D:5      | Noticed Pikel
  6706 | D:5      | Slain by Pikel

Illustrated notes

Levels and vault maps discovered:
D:1:      noname_arrival_rooms_in_the_neighbourhood, layout_basic, serial_shops,
          shop_fountains
D:2:      layout_loops_corners, basic_altar, minivault_27,
          minmay_misc_feat_hallway, minmay_misc_feat_four_crosses,
          dk_vineyard_3, minivault_26, minmay_misc_feat_cross
D:3:      minmay_goblin_kobold_castle, layout_rooms, lemuel_tele_altar,
          cheibrodos_sewer_entry_drain
D:4:      nicolae_cairo_tiling_very_big, layout_loops_ring,
          mainiacjoe_overflow_boulevard, ebering_ghost_rock_garden,
          uniq_eustachio, uniq_ijyb
D:5:      layout_basic, serial_shops, nicolae_shop_hallway_stairs,
          nicolae_stop_n_shop_1, moated_statue, hellmonk_bongcloud_opening,
          nicolae_shop_self_help, uniq_pikel

Skill      XL: |  1  2  3  4  5  6  7  8 |
---------------+-------------------------+-----
Transmutations | 1 2 3 |  3.4
Earth Magic    | 4 5 6 |  6.4
Dodging        | 2 3 |  3.7
Stealth        | 3 4 5 |  5.4
Spellcasting   | 3 4 |  4.3
Fighting       | 1 2 3 |  3.2

Action                   |  1- 3 |  4- 6 |  7- 9 || total
-------------------------+-------+-------+-------++-------
Melee: Unarmed           |    10 |       |       ||    10
       Dagger            |    40 |    84 |    24 ||   148
       Punch             |       |     1 |       ||     1
       Staff             |       |       |    54 ||    54
 Fire: Sling             |       |    22 |    44 ||    66
 Cast: Sandblast         |    40 |   100 |    91 ||   231
Evoke: Wand              |       |       |     5 ||     5
  Use: Scroll            |       |       |    11 ||    11
       Potion            |       |       |     5 ||     5
 Stab: Sleeping          |     1 |     2 |       ||     3
Armor: Ring mail         |    25 |    67 |    22 ||   114
       Robe              |     2 |       |       ||     2
       Skin              |       |       |    34 ||    34
Dodge: Dodged            |    30 |   117 |    42 ||   189
